 Dungeon Crawl Stone Soup version 0.21.1-1-g345015f (webtiles) character file.

60 HAha the Skirmisher (level 3, -1/31 HPs)
             Began as a Centaur Fighter on Apr 26, 2018.
             Killed from afar by Natasha (7 damage)
             ... with a magic dart
             ... on level 2 of the Dungeon.
             The game lasted 00:08:55 (1119 turns).

HAha the Skirmisher (Centaur Fighter)               Turns: 1119, Time: 00:08:56

Health: -1/31      AC:  6    Str: 19    XL:     3   Next: 82%
Magic:  3/3        EV:  5    Int:  7    God:
Gold:   105        SH:  8    Dex:  8    Spells: 2/2 levels left

rFire    . . .     SeeInvis .   a - +0 trident
rCold    . . .     Gourm    .   c - +0 shield
rNeg     . . .     Faith    .   b - +0 scale mail
rPois    .         Spirit   .   (no helmet)
rElec    .         Reflect  .   (no cloak)
rCorr    .         Harm     .   (no gloves)
MR       .....                  (no barding)
Stlth    ..........             (no amulet)
HPRegen  0.10/turn              (no ring)
MPRegen  0.08/turn              (no ring)

@: very quick
A: large, hooves 3, deformed body, speed 2, tough skin 3
a: no special abilities


You were on level 2 of the Dungeon.
You were not hungry.

You visited 1 branch of the dungeon, and saw 2 of its levels.

You collected 105 gold pieces.

Inventory:

Hand Weapons
 a - a +0 trident (weapon)
Armour
 b - a +0 scale mail (worn)
 c - a +0 shield (worn)
Jewellery
 j - an uncursed ring of protection from magic {unknown}
Scrolls
 g - a scroll of remove curse {unknown}
 i - a scroll of random uselessness {unknown}
 k - a scroll of identify {unknown}
 l - a scroll of teleportation {unknown}
 m - a scroll of immolation {unknown}
 n - a scroll of noise {unknown}
Potions
 d - a potion of might
 e - 2 potions of curing {unknown}
 h - 2 potions of haste {unknown}
Comestibles
 f - 5 rations


   Skills:
 * Level 3.5 Fighting
 * Level 2.5 Polearms
 + Level 2.5 Armour
 + Level 2.5 Shields


You had 2 spell levels left.
You didn't know any spells.

Dungeon Overview and Level Annotations

Branches:
Dungeon (2/15)

Altars:

Annotations:
D:2 Natasha


Innate Abilities, Weirdness & Mutations

You have hooves in place of feet.
Armour fits poorly on your strangely shaped body.
You cover ground very quickly.
You have extremely tough skin. (AC +3)


Message History

* * * LOW HITPOINT WARNING * * *
The shadow imp hits you but does no damage.
You closely miss Natasha.
Natasha is severely wounded.
Natasha claws you.
* * * LOW HITPOINT WARNING * * *
The shadow imp grinds its teeth.
The shadow imp hits you but does no damage.
You closely miss Natasha. Your kick misses Natasha.
Natasha is severely wounded.
You block Natasha's attack. You block the shadow imp's attack.
Natasha claws you but does no damage.
The shadow imp hits you but does no damage.
You closely miss Natasha.
Natasha is severely wounded.
Natasha howls an incantation.
Natasha glows brightly for a moment.
Natasha stares at you and mumbles some strange words.
The magic dart hits you!
You die...

........#.....#.#
........#.....#.#
......#.....#.###
###################.........†....
......#...........#.........#'###
#####.#.#########.#...†..........
#.....#.....#.....#..#..#........
#.#########.#.######<#...........
#...........#..5@h'..#...........
###################..#...........
.)......# #.# ....#...........
........######.# #.###.......####
†.......##.....# #..##.......#
###.....##.########.##.).....#
........##..............######
...#################.##.# ...#
#..#'#####


You could see Natasha and a shadow imp.

Vanquished Creatures
  Natasha (D:2)
  2 oozes
  A worm (D:2)
  3 giant cockroaches
  3 goblins
  3 hobgoblins
  2 kobolds
  A ball python (D:2)
  4 bats (D:2)
  5 rats
25 creatures vanquished.

Notes
Turn   | Place    | Note
-------+----------+-------------------------------------------
     0 | D:1      | HAha the Centaur Fighter began the quest for the Orb.
     0 | D:1      | Reached XP level 1. HP: 19/19 MP: 1/1
   394 | D:1      | Reached XP level 2. HP: 23/26 MP: 2/2
   775 | D:2      | Reached XP level 3. HP: 15/31 MP: 3/3
  1002 | D:2      | Noticed Natasha
  1006 | D:2      | Killed Natasha
  1108 | D:2      | Noticed Natasha
  1119 | D:2      | Killed from afar by Natasha

Skill      XL: |  1  2 |
---------------+-------+-----
Polearms       | 2 |  2.5
Fighting       | |  3.5
Armour         | |  2.5
Shields        | |  2.5

Action                   || total
-------------------------++-------
Melee: Trident           ||    66
       Kick              ||    11
Armor: Scale mail        ||    26
Dodge: Dodged            ||     6
Block: Shield            ||    25
